TOP OF THE 1ST |
Columbus Clippers batting - Pitching for Tacoma Rainiers : RHP Takaaki Nakada
|
Pitching: RHP Takaaki Nakada
|
|
Batting: RHB Tommy Baird
|
0-0: Called Strike 0-1: Ball 1-1: Foul Ball, location: 2F 1-2: Ball 2-2: Ground out 6-3 (Groundball, 6, EV 105.0 MPH)
|
Batting: SHB Jonathan DeFranco
|
0-0: Ball 1-0: Ball 2-0: Called Strike 2-1: Swinging Strike 2-2: Strikes out swinging
|
Batting: LHB Norihide Takata
|
0-0: Ball 1-0: Fly out, F8 (Flyball, 8LD, EV 88.1 MPH)
|
Top of the 1st over - 0 runs, 0 hits, 0 errors, 0 left on base; Columbus 0 - Tacoma 0 |
BOTTOM OF THE 1ST |
Tacoma Rainiers batting - Pitching for Columbus Clippers : RHP Dennis Beals
|
Pitching: RHP Dennis Beals
|
|
Batting: RHB David Aguilar
|
0-0: Ball 1-0: Called Strike 1-1: SINGLE (Groundball, 56, EV 109.4 MPH)
|
Batting: SHB Tony de Lara
|
0-0: Called Strike 0-1: Ball 1-1: Foul Ball, location: 2F 1-2: Foul Ball, location: 2F 1-2: Fielders Choice at 2nd, 3-6 (Groundball, 23, EV 85.6 MPH)
|
Batting: RHB Eddie LaRose
|
0-0: Ball 1-0: Ball 2-0: Called Strike 2-1: Fly out, F4 (Flyball, 34D, EV 86.2 MPH)
|
Batting: LHB Cliff Thomas
|
0-0: Ball 1-0: Called Strike 1-1: Ball 2-1: Swinging Strike 2-2: Strikes out swinging
|
Bottom of the 1st over - 0 runs, 1 hit, 0 errors, 1 left on base; Columbus 0 - Tacoma 0 |
TOP OF THE 2ND |
Columbus Clippers batting - Pitching for Tacoma Rainiers : RHP Takaaki Nakada
|
Batting: RHB Jordan Diaz
|
0-0: Ball 1-0: Ball 2-0: Called Strike 2-1: Ground out 6-3 (Groundball, 6, EV 80.0 MPH)
|
Batting: SHB Mike Gross
|
0-0: Foul Ball, location: 2F 0-1: Ball 1-1: Ball 2-1: Foul Ball, location: 2F 2-2: Strikes out swinging
|
Batting: SHB Joe Zeiset
|
0-0: Called Strike 0-1: Ball 1-1: Foul Ball, location: 2F 1-2: Ground out 4-3 (Groundball, 4, EV 83.8 MPH)
|
Top of the 2nd over - 0 runs, 0 hits, 0 errors, 0 left on base; Columbus 0 - Tacoma 0 |
BOTTOM OF THE 2ND |
Tacoma Rainiers batting - Pitching for Columbus Clippers : RHP Dennis Beals
|
Batting: RHB Kevin Chafe
|
0-0: TRIPLE (Line Drive, 89XD, EV 107.5 MPH)
|
Batting: RHB Kumar Madugula
|
0-0: Called Strike 0-1: Fly out, F8 (Flyball, 8RD, EV 101.9 MPH) Runner from 3rd tags up, OUT at HOME! 8-2
|
Batting: RHB Sumiki Ryu
|
0-0: Ground out 5-3 (Groundball, 5L, EV 76.9 MPH)
|
Bottom of the 2nd over - 0 runs, 1 hit, 0 errors, 0 left on base; Columbus 0 - Tacoma 0 |
TOP OF THE 3RD |
Columbus Clippers batting - Pitching for Tacoma Rainiers : RHP Takaaki Nakada
|
Batting: RHB Chris Folse
|
0-0: Ball 1-0: Called Strike 1-1: Swinging Strike 1-2: Ball 2-2: DOUBLE (Line Drive, 7LM, EV 105.0 MPH)
|
Batting: LHB Jeremy DiGenova
|
0-0: Fly out, F8 (Flyball, 8RXD, EV 96.9 MPH) Runner from 2nd tags up, SAFE at 3rd, no throw by CF
|
Batting: RHB Chris Diaz
|
0-0: Foul Ball, location: 2F 0-1: SINGLE (Flyball, 8LM, EV 91.2 MPH) Chris Folse scores
|
Batting: RHB Tommy Baird
|
0-0: Called Strike 0-1: Ball 1-1: Ball 2-1: Swinging Strike 2-2: Foul Ball, location: 2F 2-2: Strikes out swinging
|
Batting: SHB Jonathan DeFranco
|
0-0: Called Strike 0-1: Called Strike 0-2: Foul Ball, location: 2F 0-2: Fly out, F8 (Line Drive, 8LM, EV 87.5 MPH)
|
Top of the 3rd over - 1 run, 2 hits, 0 errors, 1 left on base; Columbus 1 - Tacoma 0 |
BOTTOM OF THE 3RD |
Tacoma Rainiers batting - Pitching for Columbus Clippers : RHP Dennis Beals
|
Batting: RHB Matt Berkley
|
0-0: Ball 1-0: Called Strike 1-1: Foul Ball, location: 2F 1-2: Ground out 6-3 (Groundball, 6MD, EV 93.1 MPH)
|
Batting: RHB Jim Begger
|
0-0: Ball 1-0: Called Strike 1-1: Ball 2-1: Called Strike 2-2: Strikes out swinging
|
Batting: RHB David Aguilar
|
0-0: Called Strike 0-1: Foul Ball, location: 2F 0-2: Foul Ball, location: 2F 0-2: Foul Ball, location: 2F 0-2: DOUBLE (Groundball, 5L, EV 101.2 MPH)
|
Batting: SHB Tony de Lara
|
0-0: Called Strike 0-1: Swinging Strike 0-2: Strikes out looking
|
Bottom of the 3rd over - 0 runs, 1 hit, 0 errors, 1 left on base; Columbus 1 - Tacoma 0 |
TOP OF THE 4TH |
Columbus Clippers batting - Pitching for Tacoma Rainiers : RHP Takaaki Nakada
|
Batting: LHB Norihide Takata
|
0-0: Ball 1-0: Ground out 4-3 (Groundball, 4, EV 104.4 MPH)
|
Batting: RHB Jordan Diaz
|
0-0: Called Strike 0-1: Ball 1-1: Ball 2-1: Ball 3-1: SINGLE (Groundball, 6MD, EV 110.6 MPH)
|
Batting: SHB Mike Gross
|
0-0: Ball Wild Pitch! Jordan Diaz to second 1-0: Ball 2-0: Ball 3-0: Called Strike 3-1: Base on Balls
|
Batting: SHB Joe Zeiset
|
0-0: Bunted foul 0-1: Ball 1-1: Sac Bunt to 13S - play at first, batter OUT! 1-4 Jordan Diaz to third Mike Gross to second
|
Batting: RHB Chris Folse
|
0-0: Ground out 5-3 (Groundball, 5L, EV 83.1 MPH)
|
Top of the 4th over - 0 runs, 1 hit, 0 errors, 2 left on base; Columbus 1 - Tacoma 0 |
BOTTOM OF THE 4TH |
Tacoma Rainiers batting - Pitching for Columbus Clippers : RHP Dennis Beals
|
Batting: RHB Eddie LaRose
|
0-0: Ball 1-0: SINGLE (Groundball, 6MD, EV 96.2 MPH)
|
Batting: LHB Cliff Thomas
|
0-0: Called Strike 0-1: Called Strike 0-2: Ball 1-2: Strikes out swinging
|
Batting: RHB Kevin Chafe
|
0-0: Ball Eddie LaRose steals 2nd, throwing error, E2 Eddie LaRose to third 1-0: Swinging Strike 1-1: Ball 2-1: Swinging Strike 2-2: Foul Ball, location: 2F 2-2: Ball 3-2: Foul Ball, location: 2F 3-2: Strikes out looking
|
Batting: RHB Kumar Madugula
|
0-0: Ball 1-0: Swinging Strike 1-1: Ball 2-1: Ground out 5-3 (Groundball, 56S, EV 89.4 MPH)
|
Bottom of the 4th over - 0 runs, 1 hit, 1 error, 1 left on base; Columbus 1 - Tacoma 0 |
TOP OF THE 5TH |
Columbus Clippers batting - Pitching for Tacoma Rainiers : RHP Takaaki Nakada
|
Batting: LHB Jeremy DiGenova
|
0-0: Called Strike 0-1: Fly out, F9 (Flyball, 9S, EV 71.9 MPH)
|
Batting: RHB Chris Diaz
|
0-0: Called Strike 0-1: Ball 1-1: Swinging Strike 1-2: Fly out, F8 (Flyball, 89M, EV 91.9 MPH)
|
Batting: RHB Tommy Baird
|
0-0: Ball 1-0: Foul Ball, location: 2F 1-1: Fly out, F9 (Flyball, 9, EV 93.8 MPH)
|
Top of the 5th over - 0 runs, 0 hits, 0 errors, 0 left on base; Columbus 1 - Tacoma 0 |
BOTTOM OF THE 5TH |
Tacoma Rainiers batting - Pitching for Columbus Clippers : RHP Dennis Beals
|
Batting: RHB Sumiki Ryu
|
0-0: Foul Ball, location: 2F 0-1: Ball 1-1: SINGLE (Groundball, 56D, EV 101.2 MPH) (infield hit)
|
Batting: RHB Matt Berkley
|
0-0: Called Strike 0-1: Called Strike 0-2: Ball 1-2: Strikes out swinging
|
Batting: RHB Jim Begger
|
0-0: Called Strike 0-1: Ball Sumiki Ryu steals 2nd base 1-1: Ball 2-1: Foul Ball, location: 2F 2-2: Foul Ball, location: 2F 2-2: Fly out, F7 (Flyball, 7LM, EV 100.6 MPH)
|
Batting: RHB David Aguilar
|
0-0: Called Strike 0-1: Foul Ball, location: 2F 0-2: Foul Ball, location: 2F 0-2: Strikes out swinging
|
Bottom of the 5th over - 0 runs, 1 hit, 0 errors, 1 left on base; Columbus 1 - Tacoma 0 |
TOP OF THE 6TH |
Columbus Clippers batting - Pitching for Tacoma Rainiers : RHP Takaaki Nakada
|
Batting: SHB Jonathan DeFranco
|
0-0: Ground out 6-3 (Groundball, 6S, EV 83.1 MPH)
|
Batting: LHB Norihide Takata
|
0-0: Ball 1-0: Ball 2-0: Foul Ball, location: 2F 2-1: Called Strike 2-2: DOUBLE (Line Drive, 9LD, EV 110.0 MPH)
|
Batting: RHB Jordan Diaz
|
0-0: Ball 1-0: Swinging Strike 1-1: Ball 2-1: Swinging Strike 2-2: Strikes out swinging
|
Batting: SHB Mike Gross
|
0-0: Called Strike 0-1: DOUBLE (Groundball, 3L, EV 106.2 MPH) Norihide Takata scores
|
Batting: SHB Joe Zeiset
|
0-0: Called Strike 0-1: Ball 1-1: Ball 2-1: DOUBLE (Flyball, 9LM, EV 104.4 MPH) Mike Gross scores
|
Batting: RHB Chris Folse
|
0-0: Ground out 6-3 (Groundball, 6, EV 100.0 MPH)
|
Top of the 6th over - 2 runs, 3 hits, 0 errors, 1 left on base; Columbus 3 - Tacoma 0 |
BOTTOM OF THE 6TH |
Tacoma Rainiers batting - Pitching for Columbus Clippers : RHP Dennis Beals
|
Pitching: LHP Eric Larsen
|
|
Batting: SHB Tony de Lara
|
0-0: Foul Ball, location: 2F 0-1: Ball 1-1: Called Strike 1-2: Ball 2-2: Foul Ball, location: 2F 2-2: Foul Ball, location: 2F 2-2: Ground out 5-3 (Groundball, 56, EV 93.1 MPH)
|
Batting: RHB Eddie LaRose
|
0-0: Swinging Strike 0-1: Ball 1-1: Swinging Strike 1-2: Strikes out swinging, 2-3 out at first.
|
Batting: LHB Cliff Thomas
|
0-0: Ball 1-0: Ball 2-0: Ball 3-0: Base on Balls
|
Batting: RHB Kevin Chafe
|
0-0: Ball 1-0: Ball 2-0: Ball 3-0: Base on Balls Cliff Thomas to second
|
Batting: RHB Kumar Madugula
|
0-0: SINGLE (Groundball, 56D, EV 110.6 MPH) Cliff Thomas to third Kevin Chafe to second Runner from 3rd tries for Home, SAFE, throw by LF to home
|
Batting: RHB Sumiki Ryu
|
0-0: Ball 1-0: Ground out 1-3 (Groundball, 23, EV 67.5 MPH)
|
Bottom of the 6th over - 1 run, 1 hit, 0 errors, 2 left on base; Columbus 3 - Tacoma 1 |
TOP OF THE 7TH |
Columbus Clippers batting - Pitching for Tacoma Rainiers : RHP Takaaki Nakada
|
Batting: LHB Jeremy DiGenova
|
0-0: Called Strike 0-1: Ball 1-1: Ground out 4-3 (Groundball, 4, EV 105.6 MPH)
|
Batting: RHB Chris Diaz
|
0-0: Called Strike 0-1: Ball 1-1: Ball 2-1: Ball 3-1: Called Strike 3-2: Ground out 3-1 (Groundball, 34, EV 100.0 MPH)
|
Batting: RHB Tommy Baird
|
0-0: Ball 1-0: DOUBLE (Flyball, 8RXD, EV 108.8 MPH)
|
Batting: SHB Jonathan DeFranco
|
0-0: Ball 1-0: SINGLE (Groundball, 34D, EV 94.4 MPH) Tommy Baird to third Runner from 3rd tries for Home, SAFE, throw by RF to home
|
Batting: LHB Norihide Takata
|
0-0: Fly out, F5 (Flyball, 5D, EV 90.0 MPH)
|
Top of the 7th over - 1 run, 2 hits, 0 errors, 1 left on base; Columbus 4 - Tacoma 1 |
BOTTOM OF THE 7TH |
Tacoma Rainiers batting - Pitching for Columbus Clippers : LHP Eric Larsen
|
Pitching: RHP Corey Rizzuto
|
|
Batting: RHB Matt Berkley
|
0-0: Ball 1-0: Called Strike 1-1: Ball 2-1: Called Strike 2-2: Strikes out looking
|
Batting: RHB Jim Begger
|
0-0: Swinging Strike 0-1: SINGLE (Line Drive, 78S, EV 94.4 MPH)
|
Batting: RHB David Aguilar
|
0-0: Ball 1-0: Ball 2-0: Called Strike 2-1: Swinging Strike 2-2: Foul Ball, location: 2F 2-2: Strikes out swinging
|
Batting: SHB Tony de Lara
|
0-0: Ball Jim Begger steals 2nd base 1-0: Ball 2-0: Foul Ball, location: 2F 2-1: Ground out U3 (Groundball, 3, EV 75.6 MPH)
|
Bottom of the 7th over - 0 runs, 1 hit, 0 errors, 1 left on base; Columbus 4 - Tacoma 1 |
TOP OF THE 8TH |
Columbus Clippers batting - Pitching for Tacoma Rainiers : RHP Takaaki Nakada
|
Batting: RHB Jordan Diaz
|
0-0: Called Strike 0-1: Ball 1-1: Ball 2-1: Foul Ball, location: 2F 2-2: SINGLE (Groundball, 6D, EV 99.4 MPH)
|
Pitching: RHP Francisco Mercado
|
|
Batting: SHB Mike Gross
|
0-0: Ball Jordan Diaz steals 2nd base 1-0: Called Strike 1-1: Foul Ball, location: 2F 1-2: Foul Ball, location: 2F 1-2: Strikes out swinging
|
Batting: SHB Joe Zeiset
|
0-0: Ground out U3 (Groundball, 3, EV 91.2 MPH) Jordan Diaz to third
|
Batting: RHB Chris Folse
|
0-0: Ball 1-0: Ball 2-0: Ground out 4-3 (Groundball, 4, EV 101.2 MPH)
|
Top of the 8th over - 0 runs, 1 hit, 0 errors, 1 left on base; Columbus 4 - Tacoma 1 |
BOTTOM OF THE 8TH |
Tacoma Rainiers batting - Pitching for Columbus Clippers : RHP Corey Rizzuto
|
Pitching: RHP Drew Rickelman
|
|
Batting: RHB Eddie LaRose
|
0-0: Ball 1-0: Fly out, F7 (Flyball, 78D, EV 101.2 MPH)
|
Batting: LHB Cliff Thomas
|
0-0: SINGLE (Line Drive, 34, EV 108.8 MPH)
|
Batting: RHB Kevin Chafe
|
0-0: Ball 1-0: Called Strike 1-1: Ball 2-1: Fly out, F6 (Popup, 56, EV 69.4 MPH)
|
Batting: RHB Kumar Madugula
|
0-0: Ball 1-0: Called Strike 1-1: Ball 2-1: Foul Ball, location: 2F 2-2: Strikes out swinging
|
Bottom of the 8th over - 0 runs, 1 hit, 0 errors, 1 left on base; Columbus 4 - Tacoma 1 |
TOP OF THE 9TH |
Columbus Clippers batting - Pitching for Tacoma Rainiers : RHP Francisco Mercado
|
Pitching: RHP Amine Laurent
|
|
Batting: LHB Jeremy DiGenova
|
0-0: Ball 1-0: Ball 2-0: Swinging Strike 2-1: Called Strike 2-2: Ball 3-2: Base on Balls
|
Batting: RHB Chris Diaz
|
0-0: Bunted foul 0-1: Ball 1-1: Sac Bunt to 5S - play at first, batter OUT! 5-4 Jeremy DiGenova to second
|
Batting: RHB Tommy Baird
|
0-0: Intentional Walk
|
Batting: SHB Jonathan DeFranco
|
0-0: Ball 1-0: Fielders Choice at 2nd, 6-4 (Groundball, 56, EV 78.8 MPH) Jeremy DiGenova to third
|
Batting: LHB Norihide Takata
|
0-0: Ball 1-0: Ball 2-0: Called Strike 2-1: Foul Ball, location: 2F 2-2: Ball 3-2: Strikes out swinging
|
Top of the 9th over - 0 runs, 0 hits, 0 errors, 2 left on base; Columbus 4 - Tacoma 1 |
BOTTOM OF THE 9TH |
Tacoma Rainiers batting - Pitching for Columbus Clippers : RHP Drew Rickelman
|
Pitching: RHP John Morrison
|
|
Batting: RHB Sumiki Ryu
|
0-0: Ground out 6-3 (Groundball, 56, EV 106.9 MPH)
|
Pinch Hitting: SHB Ismael Bello
|
0-0: Ball 1-0: Called Strike 1-1: Ball 2-1: Ball 3-1: Foul Ball, location: 2F 3-2: Strikes out looking
|
Batting: RHB Jim Begger
|
0-0: Called Strike 0-1: Foul Ball, location: 2F 0-2: Ball 1-2: Strikes out swinging
|
Bottom of the 9th over - 0 runs, 0 hits, 0 errors, 0 left on base; Columbus 4 - Tacoma 1 |
|